 Dungeon Crawl Stone Soup version 0.19.0-22-gd96e5fe (webtiles) character file.

44 dobroeutro the Sneak (level 3, -4/16 HPs)
             Began as a Spriggan Enchanter on Nov 18, 2016.
             Killed from afar by a dart slug (8 damage)
             ... with a slug dart
             ... on level 2 of the Dungeon.
             The game lasted 00:02:21 (604 turns).

dobroeutro the Sneak (Spriggan Enchanter)            Turns: 604, Time: 00:02:22

Health: -4/16      AC:  3    Str:  4    XL:     3   Next: 39%
Magic:  6/8        EV: 18    Int: 16    God:
Gold:   64         SH:  0    Dex: 17    Spells: 3 memorised, 1 level left

rFire  . . .     SeeInvis +     a - +1 dagger
rCold  . . .     Gourm    .     b - +1 robe
rNeg   . . .     Faith    .     (shield restricted)
rPois  .         Spirit   .     (helmet restricted)
rElec  .         Reflect  .     (no cloak)
rCorr  .         Harm     .     (gloves unavailable)
MR     .....                    (boots unavailable)
Stlth  +++.......               (no amulet)
                                (no ring)
                                (no ring)

@: very quick
A: unfitting armour, see invisible, herbivore 3, speed 3, slow metabolism 2
a: no special abilities


You were on level 2 of the Dungeon.
You were not hungry.

You visited 1 branch of the dungeon, and saw 2 of its levels.

You collected 64 gold pieces.

Inventory:

Hand Weapons
 a - a +1 dagger (weapon)
Armour
 b - a +1 robe (worn)
Scrolls
 g - a scroll of enchant armour {unknown}
 h - a scroll of blinking {unknown}
 i - a scroll of remove curse
Potions
 e - a potion of heal wounds {unknown}
 f - 3 potions of curing {unknown}
Books
 c - a book of Maledictions

   Spells                             Type                      Level
   a - Corona                         Hexes                        1
   b - Ensorcelled Hibernation        Hexes/Ice                    2
   c - Confuse                        Hexes                        3
   d - Tukima's Dance                 Hexes                        3
   e - Dazzling Spray                 Conjuration/Hexes            3
Comestibles
 d - a bread ration


   Skills:
 * Level 2.2 Short Blades
 - Level 3.0 Dodging
 + Level 5.6 Stealth
 + Level 2.8 Spellcasting
 + Level 3.9 Hexes


You had one spell level left.
You knew the following spells:

 Your Spells              Type           Power        Failure   Level  Hunger
a - Corona                Hex            ###....      4%          1    #......
b - Tukima's Dance        Hex            ###.....     12%         3    ###....
c - Ensorcelled Hibernat  Hex/Ice        #.....       14%         2    ##.....


Dungeon Overview and Level Annotations

Branches:
Dungeon (2/15)

Altars:


Innate Abilities, Weirdness & Mutations

You are very small and have problems with some larger weapons.
You are too small for most types of armour.
You have supernaturally acute eyesight. (SInv)
You are a herbivore.
You cover ground extremely quickly.
You need consume almost no food.


Message History

The slug dart hits you!
You hit the dart slug but do no damage. The dart slug closely misses you.
You hit the dart slug.
The dart slug is moderately wounded.
You hit the dart slug.
The dart slug is heavily wounded.
The dart slug bites you.
* * * LOW HITPOINT WARNING * * *
You are too injured to fight recklessly!
You are too injured to fight recklessly!
Clearing level map.
Cast which spell? (? or * to list)
Aiming: Ensorcelled Hibernation
Press: ? - help, Shift-Dir - straight line, f - dart slug
Aim: a dart slug (heavily wounded, clinging, chance to defeat MR: 57%)
The dart slug resists with significant effort.
The dart slug launches a dart at you. The slug dart hits you!
Ouch! That really hurt!
You die...

#....# ..... #....#
......############....#
......#.........##....##
....r...................
......#.........#.......
......#.........#.....##
#..w....$....#.....##
#..@..............##
#.#...............## #
#.........#...###
#.........###..##
##.#......####>.#
...####..<..###.# .###
#.........## .#
###.....#... #.#.......


You could see a dart slug and a rat.

Vanquished Creatures
  2 oozes (D:1)
  3 dart slugs
  3 bats (D:1)
  2 giant cockroaches (D:1)
  A goblin (D:1)
  5 hobgoblins (D:1)
  4 jackals (D:2)
  A quokka (D:2)
  A ball python (D:1)
  A frilled lizard (D:1)
  A kobold (D:1)
  3 rats (D:1)
27 creatures vanquished.

Notes
Turn   | Place    | Note
-------+----------+-------------------------------------------
     0 | D:1      | dobroeutro the Spriggan Enchanter began the quest for the Orb.
     0 | D:1      | Reached XP level 1. HP: 9/9 MP: 5/5
    76 | D:1      | Reached XP level 2. HP: 11/13 MP: 6/6
    80 | D:1      | Reached skill level 5 in Stealth
   341 | D:1      | Reached XP level 3. HP: 12/16 MP: 8/8
   540 | D:2      | Learned a level 3 spell: Tukima's Dance
   543 | D:2      | Learned a level 2 spell: Ensorcelled Hibernation
   604 | D:2      | Killed from afar by a dart slug

Skill      XL: |  1  2 |
---------------+-------+-----
Stealth        | 5 |  5.6
Short Blades   | 2 |  2.2
Dodging        | |  3.0
Spellcasting   | |  2.8
Hexes          | |  3.9

Action                   || total
-------------------------++-------
Melee: Dagger            ||   135
       Hand axe          ||    17
 Cast: Ensorcelled Hiber ||     1
  Use: Scroll            ||     2
 Stab: Sleeping          ||     5
Armor: Robe              ||    16
Dodge: Dodged            ||   124
